 Dungeon Crawl Stone Soup version 0.31.0-11-ge490571c62 (webtiles) character file.

Game seed: 8994550426103894674

1908 qw the Skirmisher (level 8, -2/42 (46) HPs)
             Began as a Deep Elf Hunter on Feb 4, 2024.
             Was a Believer of Okawaru.
             Slain by a wight
             ... wielding a +0 flail
              (6 damage)
             ... on level 7 of the Dungeon.
             The game lasted 00:00:27 (5496 turns).

qw the Skirmisher (Deep Elf Hunter)                 Turns: 5496, Time: 00:00:27

HP:   -2/42 (46)    AC:  7    Str: 10    XL:     8   Next: 94%
MP:   13/13         EV: 11    Int: 15    God:    Okawaru [**....]
Gold: 463           SH:  5    Dex: 16    Spells: 7/7 levels left

rFire   . . .        a - +5 shortbow (freeze)
rCold   + + .        (shield currently unavailable)
rNeg    . . .        e - +0 ring mail
rPois   .            (no helmet)
rElec   .            (no cloak)
rCorr   .            i - +1 pair of gloves
SInv    .            (no boots)
Will    +....        d - amulet of reflection
Stlth   +            s - ring of protection from cold
HPRegen 0.27/turn    j - ring of protection from cold
MPRegen 0.13/turn

%: reflection
@: about to teleport, drained
A: clumsy 1, strong-willed 1
a: Renounce Religion, Heroism


You were on level 7 of the Dungeon.
You worshipped Okawaru.
Okawaru was pleased with you.
You visited 2 branches of the dungeon, and saw 8 of its levels.
You also visited: Ossuary.

You collected 496 gold pieces.
You spent 33 gold pieces at shops.


Innate Abilities, Weirdness & Mutations

You are clumsy. (Dex -2)
You are strong-willed. (Will+)


   Skills:
 - Level 3.3 Fighting
 + Level 13.6 Ranged Weapons
 - Level 1.0 Armour
 - Level 4.0 Dodging
 - Level 1.2 Stealth
 - Level 4.0 Invocations


You had 7 spell levels left.
You didn't know any spells.
Your spell library was empty.

Inventory:

Hand Weapons
 a - a +5 shortbow of freezing (weapon)
Armour
 e - a +0 ring mail (worn)
 i - a +1 pair of gloves (worn)
Jewellery
 d - an amulet of reflection (around neck)
 j - a ring of protection from cold (right hand)
 k - a ring of fire
 s - a ring of protection from cold (left hand)
 Y - a ring of positive energy
Scrolls
 c - a scroll of teleportation
Potions
 b - 7 potions of curing
 g - 3 potions of mutation
 l - a potion of haste
 n - a potion of cancellation
 r - a potion of enlightenment

Dungeon Overview and Level Annotations

Branches:
Dungeon (7/15)             Temple (1/1) D:5         Ossuary (visited)

Altars:
Ashenzari
Cheibriados
Dithmenos
Elyvilon
Fedhas
Gozag
Hepliaklqana
Nemelex Xobeh
Okawaru
Qazlal
Ru
Trog
Uskayaw
Vehumet
Xom
Zin

Shops:
D:2 !   D:4 :


Message History

Items here: %% ) [.
You open the door.
Found a robe.
There is an open door here.
f - a +1 sling of electrocution
5471 ||| DROPPING +1 sling of electrocution.
You drop a +1 sling of electrocution. 2 wights come into view.
You shoot an arrow. The arrow hits the wight.
The wight is lightly damaged.
You shoot an arrow. The arrow hits the wight.
The wight is moderately damaged.
You shoot an arrow. The arrow hits the wight.
The wight is heavily damaged.
You shoot an arrow. The arrow hits the wight.
The wight is almost destroyed.
The wight misses you. The wight completely misses you.
You shoot an arrow.
The arrow hits the wight but does no damage.
The wight is almost destroyed.
The wight hits you with a +0 battleaxe! The wight hits you with a +0 flail!
You shoot an arrow. The arrow hits the wight.
You destroy the wight!
Okawaru accepts your kill.
You shoot an arrow. The arrow hits the wight.
The wight is lightly damaged.
The wight hits you with a +0 flail.
You feel drained.
You shoot an arrow. The arrow hits the wight.
The wight is lightly damaged.
The wight hits you with a +0 flail.
You feel drained.
You shoot an arrow. The arrow hits the wight.
The wight is heavily damaged.
The wight hits you with a +0 flail!
5495 ||| READING 2 scrolls of teleportation.
As you read the scroll of teleportation, it crumbles to dust.
You feel strangely unstable. The wight closely misses you.
You shoot an arrow. The arrow closely misses the wight.
The wight hits you with a +0 flail.
You die...

### ## ## #.. #. .##
#.## #.# ..## #..## ..#
...####..)#######..###..
...'....[.......@)......
)..##.###.#.#####z##....
..###.##.###.# .# . .##
#.###.#.## .# ##
#......## .# # ######.#
.. #.# ## #.# # #.#


You could see a wight.

Vanquished Creatures
  Menkaure (D:5)
  An ice beast (D:6)
  A sky beast (D:4)
  2 orc warriors
  2 ogres (D:6)
  A phantom (D:6)
  5 scorpions
  A wight (D:7)
  2 electric eels (D:6)
  A bombardier beetle (D:5)
  3 hounds
  4 orc priests
  A gnoll bouda (D:3)
  An iguana (D:5)
  A sleepcap (D:6)
  4 orc wizards
  8 mummies (Ossuary)
  5 gnolls (D:3)
  8 adders
  A white imp (D:5)
  4 ufetubi
  2 dart slugs
  4 ribbon worms (D:5)
  11 orcs
  10 bats
  4 endoplasms
  2 giant cockroaches
  5 gnoll zombies (Ossuary)
  4 goblins
  5 hobgoblins
  6 kobolds
  4 quokkas
  5 ball pythons
  5 frilled lizards
  3 orc zombies (Ossuary)
  A rat (D:1)
128 creatures vanquished.

Notes
Turn   | Place    | Note
-------+----------+-------------------------------------------
     0 | D:1      | qw the Deep Elf Hunter began the quest for the Orb.
     0 | D:1      | Reached XP level 1. HP: 12/12 MP: 3/3
     0 | D:1      | 0 ||| qw: Version: 0.3-a-160-g6735b56
     0 | D:1      | 0 ||| qw: Game counter: 4639
     0 | D:1      | 0 ||| qw: Melee chars always use a shield: true
     0 | D:1      | 0 ||| qw: God list: Okawaru
     0 | D:1      | 0 ||| qw: Allow faded altars: false
     0 | D:1      | 0 ||| qw: Do Orc after clearing Dungeon:15 true
     0 | D:1      | 0 ||| qw: Do second Lair branch before Depths: true
     0 | D:1      | 0 ||| qw: Lair rune preference: random
     0 | D:1      | 0 ||| qw: Goals: Normal
     0 | D:1      | 0 ||| PLANNING D:1-11
   140 | D:1      | Reached XP level 2. HP: 16/16 MP: 4/4
   154 | D:1      | Reached skill level 6 in Ranged Weapons
   453 | D:1      | 453 ||| UPGRADING to +0 scale mail.
   463 | D:1      | 463 ||| DROPPING +0 leather armour.
   464 | D:1      | 464 ||| DROPPING scarf of harm.
   465 | D:1      | 465 ||| READING 3 scrolls labelled GIYZ YTYBIRAST.
   465 | D:1      | 465 ||| ENCHANTING +0 shortbow.
   466 | D:1      | 466 ||| READING 2 scrolls of enchant weapon.
   466 | D:1      | 466 ||| ENCHANTING +1 shortbow.
   467 | D:1      | 467 ||| READING scroll of enchant weapon.
   467 | D:1      | 467 ||| ENCHANTING +2 shortbow.
   468 | D:1      | 468 ||| READING scroll labelled LUD LYTRAYRPH.
   469 | D:1      | 469 ||| READING scroll labelled GAISHO GE TESA.
   469 | D:1      | 469 ||| IDENTIFYING orange potion
   470 | D:1      | 470 ||| DROPPING scroll of butterflies.
   471 | D:1      | 471 ||| DROPPING potion of degeneration.
   485 | D:2      | 485 ||| STAIRDANCE
   500 | D:2      | Found Zuqothref's Distillery.
   507 | D:2      | Identified the +5 hand axe "Plog" {heavy, rN+}
   514 | D:2      | 514 ||| SHOPLISTING potion of cancellation (88 gold, have
                  | 33).
   514 | D:2      | 514 ||| BUYING potion of curing (33 gold).
   514 | D:2      | Bought a potion of curing for 33 gold pieces
   514 | D:2      | 514 ||| SHOPLISTING potion of curing (33 gold, have 0).
   514 | D:2      | 514 ||| SHOPLISTING potion of heal wounds (55 gold, have
                  | 0).
   514 | D:2      | 514 ||| SHOPLISTING potion of might (44 gold, have 0).
   621 | D:2      | Reached XP level 3. HP: 12/20 MP: 5/5
  1061 | D:2      | Reached skill level 7 in Ranged Weapons
  1215 | D:2      | 1215 ||| UPGRADING to +0 ring mail.
  1225 | D:2      | 1225 ||| DROPPING +0 scale mail.
  1226 | D:2      | 1226 ||| READING scroll labelled IGHINN YLOR.
  1226 | D:2      | 1226 ||| BRANDING +3 shortbow.
  1227 | D:2      | 1227 ||| READING scroll labelled MEKLIAD TOLUY.
  1280 | D:3      | 1280 ||| RETREEEEATING.
  1282 | D:3      | Reached XP level 4. HP: 25/25 MP: 6/6
  1289 | D:3      | Reached skill level 8 in Ranged Weapons
  1333 | D:3      | 1333 ||| FLEEEEING.
  1368 | D:3      | Reached XP level 5. HP: 29/29 MP: 7/7
  1381 | D:3      | 1381 ||| READING 2 scrolls of enchant weapon.
  1381 | D:3      | 1381 ||| ENCHANTING +3 shortbow of freezing.
  1382 | D:3      | 1382 ||| READING scroll of enchant weapon.
  1382 | D:3      | 1382 ||| ENCHANTING +4 shortbow of freezing.
  1757 | D:3      | You fall into a shaft and drop 1 floor!
  1883 | D:4      | Reached skill level 9 in Ranged Weapons
  1898 | D:4      | 1898 ||| UPGRADING to +0 pair of gloves.
  1903 | D:4      | 1903 ||| UPGRADING to amulet of reflection.
  1908 | D:4      | 1908 ||| UPGRADING to ring of positive energy.
  1909 | D:4      | 1909 ||| READING 3 scrolls of identify.
  1909 | D:4      | 1909 ||| IDENTIFYING yellow potion
  1910 | D:4      | 1910 ||| READING 2 scrolls of identify.
  1910 | D:4      | 1910 ||| IDENTIFYING 2 bubbling emerald potions
  1911 | D:4      | 1911 ||| READING scroll of identify.
  1911 | D:4      | 1911 ||| IDENTIFYING scroll labelled FUUSORCH IPULAI
  1912 | D:4      | 1912 ||| READING scroll labelled QAGOSK OVATSU.
  1913 | D:4      | 1913 ||| DROPPING scroll of fog.
  1914 | D:4      | 1914 ||| DROPPING 2 potions of brilliance.
  1915 | D:4      | 1915 ||| DROPPING potion of invisibility.
  1996 | D:3      | Identified the +0 leather armour of Beogh's Outrage {Harm
                  | Rampage Will+ Stlth+}
  2059 | D:3      | 2059 ||| DROPPING +0 leather armour of Beogh's Outrage
                  | {Harm Rampage Will+ Stlth+}.
  2100 | D:4      | Noticed a sky beast
  2105 | D:4      | Killed a sky beast
  2106 | D:4      | Reached XP level 6. HP: 36/36 MP: 8/8
  2367 | D:4      | Found Vali's Book Boutique.
  2744 | D:4      | 2744 ||| READING 2 scrolls of identify.
  2744 | D:4      | 2744 ||| IDENTIFYING silvery potion
  2745 | D:4      | 2745 ||| DROPPING potion of lignification.
  2781 | D:5      | Entered Level 5 of the Dungeon
  2782 | D:5      | 2782 ||| PLANNING OSSUARY
  2809 | D:5      | Noticed Menkaure
  2815 | D:5      | HP: 9/36 [white imp (1)]
  2819 | D:5      | Killed Menkaure
  2820 | D:5      | Reached skill level 10 in Ranged Weapons
  2820 | D:5      | Reached XP level 7. HP: 7/40 MP: 9/9
  2988 | D:5      | Found a staircase to the Ecumenical Temple.
  3001 | D:5      | Reached skill level 3 in Dodging
  3037 | D:5      | Found a sand-covered staircase.
  3038 | D:5      | 3038 ||| UPGRADING to ring of protection from cold.
  3039 | D:5      | 3039 ||| READING scroll of identify.
  3039 | D:5      | 3039 ||| IDENTIFYING inky potion
  3040 | D:5      | 3040 ||| DRINKING 2 grey potions.
  3041 | D:5      | 3041 ||| FLEEEEING.
  3042 | D:5      | 3042 ||| FLEEEEING.
  3043 | D:5      | 3043 ||| FLEEEEING.
  3044 | D:5      | 3044 ||| FLEEEEING.
  3045 | D:5      | 3045 ||| FLEEEEING.
  3046 | D:5      | 3046 ||| FLEEEEING.
  3047 | D:5      | 3047 ||| FLEEEEING.
  3048 | D:5      | 3048 ||| FLEEEEING.
  3049 | D:5      | 3049 ||| FLEEEEING.
  3050 | D:5      | 3050 ||| FLEEEEING.
  3051 | D:5      | 3051 ||| FLEEEEING.
  3052 | D:5      | 3052 ||| FLEEEEING.
  3053 | D:5      | 3053 ||| FLEEEEING.
  3054 | D:5      | 3054 ||| FLEEEEING.
  3055 | D:5      | 3055 ||| FLEEEEING.
  3056 | D:5      | 3056 ||| FLEEEEING.
  3057 | D:5      | 3057 ||| FLEEEEING.
  3058 | D:5      | 3058 ||| FLEEEEING.
  3059 | D:5      | 3059 ||| FLEEEEING.
  3060 | D:5      | 3060 ||| FLEEEEING.
  3061 | D:5      | 3061 ||| FLEEEEING.
  3062 | D:5      | 3062 ||| FLEEEEING.
  3063 | D:5      | 3063 ||| FLEEEEING.
  3064 | D:5      | 3064 ||| FLEEEEING.
  3065 | D:5      | 3065 ||| STAIRDANCE
  3067 | D:4      | 3067 ||| FLEEEEING.
  3068 | D:4      | 3068 ||| FLEEEEING.
  3069 | D:4      | 3069 ||| FLEEEEING.
  3070 | D:4      | 3070 ||| FLEEEEING.
  3071 | D:4      | 3071 ||| FLEEEEING.
  3072 | D:4      | 3072 ||| FLEEEEING.
  3073 | D:4      | 3073 ||| STAIRDANCE
  3075 | D:3      | 3075 ||| FLEEEEING.
  3076 | D:3      | 3076 ||| FLEEEEING.
  3077 | D:3      | 3077 ||| FLEEEEING.
  3078 | D:3      | 3078 ||| FLEEEEING.
  3079 | D:3      | 3079 ||| FLEEEEING.
  3080 | D:3      | 3080 ||| FLEEEEING.
  3081 | D:3      | 3081 ||| FLEEEEING.
  3082 | D:3      | 3082 ||| FLEEEEING.
  3083 | D:3      | 3083 ||| DROPPING potion of berserk rage.
  3127 | Ossuary  | Entered an ossuary
  3161 | Ossuary  | Reached skill level 1 in Armour
  3294 | Ossuary  | 3294 ||| READING scroll of identify.
  3294 | Ossuary  | 3294 ||| IDENTIFYING puce potion
  3295 | Ossuary  | 3295 ||| READING scroll labelled SUSTERAELE.
  3295 | Ossuary  | 3295 ||| ENCHANTING +0 pair of gloves.
  3296 | Ossuary  | 3296 ||| READING 3 scrolls labelled HUINKE EFOD.
  3297 | Ossuary  | 3297 ||| DRINKING 3 white potions.
  3297 | Ossuary  | Gained mutation: You are clumsy. (Dex -2) [potion of
                  | mutation]
  3297 | Ossuary  | Gained mutation: You are strong-willed. (Will+) [potion of
                  | mutation]
  3298 | Ossuary  | 3298 ||| DRINKING 2 viscous amethyst potions.
  3299 | Ossuary  | 3299 ||| DROPPING potion of magic.
  3300 | Ossuary  | 3300 ||| DROPPING 2 scrolls of amnesia.
  3323 | D:5      | 3323 ||| PLANNING SEWER
  3356 | D:5      | Found a sacrificial altar of Ru.
  3499 | D:5      | 3499 ||| RIP SEWER
  3585 | D:5      | 3585 ||| PLANNING TEMPLE
  3647 | Temple   | Entered the Ecumenical Temple
  3648 | Temple   | 3648 ||| PLANNING OKAWARU WORSHIP
  3663 | Temple   | Became a worshipper of Warmaster Okawaru
  3664 | Temple   | 3664 ||| PLANNING D:1-11
  3793 | D:5      | Reached skill level 11 in Ranged Weapons
  4396 | D:6      | Reached skill level 12 in Ranged Weapons
  4430 | D:6      | 4430 ||| RETREEEEATING.
  4437 | D:6      | Reached * piety under Okawaru
  4438 | D:6      | Reached skill level 3 in Fighting
  4438 | D:6      | Reached XP level 8. HP: 21/46 MP: 10/10
  4450 | D:6      | Reached skill level 1 in Invocations
  4456 | D:6      | 4456 ||| FLEEEEING.
  4913 | D:6      | Reached ** piety under Okawaru
  4914 | D:6      | Reached skill level 3 in Invocations
  4914 | D:6      | HP: 3/46 [electric eel/bolt of electricity (11)]
  4915 | D:6      | 4915 ||| READING 3 scrolls of teleportation.
  4916 | D:6      | 4916 ||| DRINKING potion of heal wounds.
  5181 | D:6      | 5181 ||| UPGRADING to ring of protection from cold.
  5183 | D:6      | 5183 ||| READING 3 scrolls of identify.
  5183 | D:6      | 5183 ||| IDENTIFYING lumpy emerald potion
  5184 | D:6      | 5184 ||| READING 2 scrolls of identify.
  5184 | D:6      | 5184 ||| IDENTIFYING fuming puce potion
  5185 | D:6      | 5185 ||| READING scroll of identify.
  5185 | D:6      | 5185 ||| IDENTIFYING purple potion
  5186 | D:6      | 5186 ||| READING scroll labelled PANIWEULECH.
  5287 | D:6      | 5287 ||| READING scroll labelled NUBRENINAT.
  5288 | D:6      | 5288 ||| DROPPING potion of ambrosia.
  5303 | D:7      | 5303 ||| STAIRDANCE
  5312 | D:7      | Reached skill level 13 in Ranged Weapons
  5471 | D:7      | 5471 ||| DROPPING +1 sling of electrocution.
  5494 | D:7      | HP: 4/42 [wight/+0 flail (8)]
  5495 | D:7      | 5495 ||| READING 2 scrolls of teleportation.
  5496 | D:7      | Slain by a wight

Levels and vault maps discovered:
D:1:      sevenhm_arrival_forest_fort_small_3, layout_rooms, st_stairs_8,
          minmay_pentomino_u2
D:2:      layout_basic, serial_shops, nicolae_diamond_shop,
          corexii_item_surrounded_by_moat
D:3:      layout_basic, nicolae_grassy_gnolls
D:4:      layout_gridville, serial_shops, nicolae_shop_pleasant_corner_grove,
          roderic_batcave
D:5:      layout_gridville, kennysheep_mini_moat, minmay_temple_entry_mist,
          lightli_ossuary_entry_decrepit_ruins, cheibrodos_sewer_entry_bend,
          uniq_menkaure
D:6:      layout_basic, nicolae_eternal_life, nicolae_water_bricks
D:7:      layout_loops_corners
Temple:   nicolae_temple_superstar

Skill      XL: |  1  2  3  4  5  6  7  8 |
---------------+-------------------------+-----
Ranged Weapons | 6 7 8 9 10 12 13 | 13.6
Fighting       | 2 3 |  3.3
Dodging        | 3 4 |  4.0
Armour         | 1 |  1.0
Invocations    | 4 |  4.0
Stealth        | |  1.2

Action                     |  1- 3 |  4- 6 |  7- 9 || total
---------------------------+-------+-------+-------++-------
   Fire: Shortbow          |    66 |    92 |   212 ||   370
    Use: Scroll            |     7 |     7 |    11 ||    25
         Potion            |       |       |     4 ||     4
 Armour: Leather armour    |     2 |       |       ||     2
         Scale mail        |    14 |       |       ||    14
         Ring mail         |     2 |    31 |    70 ||   103
  Dodge: Dodged            |     9 |    19 |    58 ||    86
  Block: Other             |       |     1 |    12 ||    13

Table legend:
 A = Non-vault XP
 B = Vault XP
 C = Vault XP percentage of total XP
 D = Non-vault monster count
 E = Vault monster count
 F = Vault count percentage of total count
                 A         B        C        D         E       F
            +---------+---------+-------+---------+---------+-------
      Total |    2261 |     465 |  17.1 |      92 |      36 |  28.1
            +---------+---------+-------+---------+---------+-------
        D:1 |      29 |       5 |  14.7 |      10 |       2 |  16.7
        D:2 |      31 |       0 |   0.0 |      12 |       0 |   0.0
        D:3 |      67 |     112 |  62.6 |      17 |       6 |  26.1
        D:4 |     203 |       9 |   4.2 |      10 |       8 |  44.4
        D:5 |     316 |     186 |  37.1 |       9 |       4 |  30.8
        D:6 |    1146 |       0 |   0.0 |      25 |       0 |   0.0
        D:7 |     469 |       0 |   0.0 |       9 |       0 |   0.0
    Ossuary |       0 |     153 | 100.0 |       0 |      16 | 100.0
            +---------+---------+-------+---------+---------+-------
